TOP OF THE 1ST |
Plumstead Eagles batting - Pitching for Minnesota Death Stars : LHP José Sánchez
|
Pitching: LHP José Sánchez
|
|
Batting: LHB Mauro López
|
0-0: Ball 1-0: Ball 2-0: Foul Ball, location: 2F 2-1: Swinging Strike 2-2: Strikes out looking
|
Batting: RHB Wayne Workman
|
0-0: Ball 1-0: Swinging Strike 1-1: Ball 2-1: Foul Ball, location: 2F 2-2: Fly out, F8 (Flyball, 8LS)
|
Batting: LHB Conan Bush
|
0-0: Ball 1-0: Ball 2-0: Foul Ball, location: 2F 2-1: Foul Ball, location: 2F 2-2: Strikes out swinging
|
Top of the 1st over - 0 runs, 0 hits, 0 errors, 0 left on base; Plumstead 0 - Minnesota 0 |
BOTTOM OF THE 1ST |
Minnesota Death Stars batting - Pitching for Plumstead Eagles : LHP Jake Davis
|
Pitching: LHP Jake Davis
|
|
Batting: RHB Danny Scott
|
0-0: Fly out, F8 (Flyball, 8RS)
|
Batting: LHB Larry Wright
|
0-0: Ball 1-0: Ball 2-0: Fly out, F7 (Flyball, 7S)
|
Batting: RHB Lou Hammond
|
0-0: Ball 1-0: Swinging Strike 1-1: Fly out, F7 (Line Drive, 7)
|
Bottom of the 1st over - 0 runs, 0 hits, 0 errors, 0 left on base; Plumstead 0 - Minnesota 0 |
TOP OF THE 2ND |
Plumstead Eagles batting - Pitching for Minnesota Death Stars : LHP José Sánchez
|
Batting: RHB José Gonzáles
|
0-0: Ground out 6-3 (Groundball, 56)
|
Batting: SHB José Rincón
|
0-0: Fly out, F6 (Popup, 6MS)
|
Batting: RHB Jimmy Myers
|
0-0: Swinging Strike 0-1: Foul Ball, location: 2F 0-2: Strikes out swinging
|
Top of the 2nd over - 0 runs, 0 hits, 0 errors, 0 left on base; Plumstead 0 - Minnesota 0 |
BOTTOM OF THE 2ND |
Minnesota Death Stars batting - Pitching for Plumstead Eagles : LHP Jake Davis
|
Batting: RHB Manuel Cintrón
|
0-0: Swinging Strike 0-1: Foul Ball, location: 2F 0-2: Strikes out swinging
|
Batting: RHB Sidney Smith
|
0-0: Ground out 5-3 (Groundball, 56)
|
Batting: RHB Ernesto Quintero
|
0-0: Foul Ball, location: 2F 0-1: Ball 1-1: Swinging Strike 1-2: Fly out, F8 (Flyball, 8LXD)
|
Bottom of the 2nd over - 0 runs, 0 hits, 0 errors, 0 left on base; Plumstead 0 - Minnesota 0 |
TOP OF THE 3RD |
Plumstead Eagles batting - Pitching for Minnesota Death Stars : LHP José Sánchez
|
Batting: LHB Joe Rutherford
|
0-0: Swinging Strike 0-1: Swinging Strike 0-2: Foul Ball, location: 2F 0-2: Strikes out swinging
|
Batting: LHB José Marín
|
0-0: Called Strike 0-1: Ball 1-1: Ball 2-1: Swinging Strike 2-2: Ground out U3 (Groundball, 3L)
|
Batting: LHB António Álvarez
|
0-0: Foul Ball, location: 2F 0-1: Fly out, F7 (Flyball, 7S)
|
Top of the 3rd over - 0 runs, 0 hits, 0 errors, 0 left on base; Plumstead 0 - Minnesota 0 |
BOTTOM OF THE 3RD |
Minnesota Death Stars batting - Pitching for Plumstead Eagles : LHP Jake Davis
|
Batting: RHB Donny Boykins
|
0-0: Ball 1-0: SINGLE (Line Drive, 6)
|
Batting: LHB Bill Poe
|
0-0: Foul Ball, location: 2F 0-1: Ball 1-1: Ball 2-1: Ball 3-1: Foul Ball, location: 2F 3-2: Base on Balls Donny Boykins to second
|
Batting: LHB Doyle Price
|
0-0: Foul Ball, location: 2F 0-1: Ball 1-1: Ball 2-1: Foul Ball, location: 2F 2-2: Ball 3-2: Base on Balls Donny Boykins to third Bill Poe to second
|
Batting: RHB Danny Scott
|
0-0: Grounds into double play, 6-4-3 (Groundball, 6) Donny Boykins scores Bill Poe to third
|
Batting: LHB Larry Wright
|
0-0: Ball 1-0: Ground out 4-3 (Groundball, 4)
|
Bottom of the 3rd over - 1 run, 1 hit, 0 errors, 1 left on base; Plumstead 0 - Minnesota 1 |
TOP OF THE 4TH |
Plumstead Eagles batting - Pitching for Minnesota Death Stars : LHP José Sánchez
|
Batting: LHB Mauro López
|
0-0: Ball 1-0: Ball 2-0: Ball 3-0: Base on Balls
|
Batting: RHB Wayne Workman
|
0-0: Ball 1-0: TRIPLE (Flyball, 8LXD) Mauro López scores
|
Batting: LHB Conan Bush
|
0-0: Called Strike 0-1: Ball 1-1: Called Strike 1-2: Ball 2-2: Ball 3-2: Foul Ball, location: 2F 3-2: Base on Balls
|
Batting: RHB José Gonzáles
|
0-0: Foul Ball, location: 2F 0-1: Foul Ball, location: 2F 0-2: Ball 1-2: Strikes out swinging
|
Batting: SHB José Rincón
|
0-0: Ball 1-0: Fly out, F9 (Flyball, 9LM) Runner from 3rd tags up, SCORES, throw made
|
Batting: RHB Jimmy Myers
|
0-0: Swinging Strike Pickoff Throw by Catcher to First - Out!
|
Top of the 4th over - 2 runs, 1 hit, 0 errors, 0 left on base; Plumstead 2 - Minnesota 1 |
BOTTOM OF THE 4TH |
Minnesota Death Stars batting - Pitching for Plumstead Eagles : LHP Jake Davis
|
Batting: RHB Lou Hammond
|
0-0: Called Strike 0-1: Foul Ball, location: 2F 0-2: Strikes out swinging
|
Batting: RHB Manuel Cintrón
|
0-0: Ball 1-0: Ball 2-0: Foul Ball, location: 2F 2-1: Foul Ball, location: 2F 2-2: Foul Ball, location: 2F 2-2: Fly out, F3 (Line Drive, 3)
|
Batting: RHB Sidney Smith
|
0-0: Called Strike 0-1: Swinging Strike 0-2: Ball 1-2: Ball 2-2: Strikes out swinging
|
Bottom of the 4th over - 0 runs, 0 hits, 0 errors, 0 left on base; Plumstead 2 - Minnesota 1 |
TOP OF THE 5TH |
Plumstead Eagles batting - Pitching for Minnesota Death Stars : LHP José Sánchez
|
Batting: RHB Jimmy Myers
|
0-0: Ball 1-0: Called Strike 1-1: Foul Ball, location: 2F 1-2: Foul Ball, location: 2F 1-2: Foul Ball, location: 2F 1-2: Foul Ball, location: 2F 1-2: Ball 2-2: Foul Ball, location: 2F 2-2: Foul Ball, location: 2F 2-2: Foul Ball, location: 2F 2-2: Strikes out swinging, 2-3 out at first.
|
Batting: LHB Joe Rutherford
|
0-0: Ball 1-0: Ball 2-0: Called Strike 2-1: Ground out U3 (Groundball, 34)
|
Batting: LHB José Marín
|
0-0: Ball 1-0: Ball 2-0: Called Strike 2-1: Ball 3-1: Base on Balls
|
Batting: LHB António Álvarez
|
0-0: Foul Ball, location: 2F 0-1: Ball 1-1: Ball 2-1: TRIPLE (Flyball, 89XD) José Marín scores
|
Batting: LHB Mauro López
|
0-0: Ball 1-0: Foul Ball, location: 2F 1-1: Called Strike Steal of home, António Álvarez is safe 1-2: Ball 2-2: Strikes out swinging
|
Top of the 5th over - 2 runs, 1 hit, 0 errors, 0 left on base; Plumstead 4 - Minnesota 1 |
BOTTOM OF THE 5TH |
Minnesota Death Stars batting - Pitching for Plumstead Eagles : LHP Jake Davis
|
Batting: RHB Ernesto Quintero
|
0-0: Ball 1-0: Fly out, F7 (Flyball, 7LM)
|
Batting: RHB Donny Boykins
|
0-0: Ball 1-0: Foul Ball, location: 2F 1-1: Called Strike 1-2: Strikes out swinging
|
Batting: LHB Bill Poe
|
0-0: Called Strike 0-1: Called Strike 0-2: SINGLE (Flyball, 89S)
|
Batting: LHB Doyle Price
|
0-0: Called Strike 0-1: Swinging Strike 0-2: Foul Ball, location: 2F 0-2: Foul Ball, location: 2F 0-2: Foul Ball, location: 2F 0-2: Foul Ball, location: 2F 0-2: Ball 1-2: Strikes out looking
|
Bottom of the 5th over - 0 runs, 1 hit, 0 errors, 1 left on base; Plumstead 4 - Minnesota 1 |
TOP OF THE 6TH |
Plumstead Eagles batting - Pitching for Minnesota Death Stars : LHP José Sánchez
|
Batting: RHB Wayne Workman
|
0-0: Foul Ball, location: 2F 0-1: Swinging Strike 0-2: Foul Ball, location: 2F 0-2: Ball 1-2: Foul Ball, location: 2F 1-2: Ball 2-2: Foul Ball, location: 2F 2-2: Ball 3-2: Base on Balls
|
Batting: LHB Conan Bush
|
0-0: Foul Ball, location: 2F 0-1: Called Strike 0-2: Foul Ball, location: 2F 0-2: Ball 1-2: SINGLE (Line Drive, 34) Wayne Workman to second Runner from 2nd tries for 3rd, SAFE, no throw
|
Pitching: RHP Abel Walker
|
|
Batting: RHB José Gonzáles
|
0-0: Swinging Strike 0-1: Swinging Strike 0-2: Foul Ball, location: 2F 0-2: SINGLE (Groundball, 6M) Wayne Workman scores Conan Bush to second Runner from 2nd tries for 3rd, SAFE, no throw
|
Batting: SHB José Rincón
|
0-0: Called Strike 0-1: Ground out 5-3 (Groundball, 56S) José Gonzáles to second
|
Batting: RHB Jimmy Myers
|
0-0: Foul Ball, location: 2F 0-1: Swinging Strike 0-2: Strikes out looking
|
Batting: LHB Joe Rutherford
|
0-0: Ball 1-0: Foul Ball, location: 2F 1-1: Ball 2-1: Called Strike 2-2: Strikes out swinging
|
Top of the 6th over - 1 run, 2 hits, 0 errors, 2 left on base; Plumstead 5 - Minnesota 1 |
BOTTOM OF THE 6TH |
Minnesota Death Stars batting - Pitching for Plumstead Eagles : LHP Jake Davis
|
Batting: RHB Danny Scott
|
0-0: Called Strike 0-1: Foul Ball, location: 2F 0-2: Ball 1-2: Ball 2-2: Ground out 6-3 (Groundball, 6)
|
Batting: LHB Larry Wright
|
0-0: Called Strike 0-1: Swinging Strike 0-2: Ball 1-2: Foul Ball, location: 2F 1-2: Ball 2-2: Ball 3-2: Base on Balls
|
Batting: RHB Lou Hammond
|
0-0: Called Strike 0-1: Foul Ball, location: 2F 0-2: Ball 1-2: Foul Ball, location: 2F 1-2: Strikes out swinging
|
Batting: RHB Manuel Cintrón
|
0-0: Foul Ball, location: 2F Pickoff Throw to First - Out!
|
Bottom of the 6th over - 0 runs, 0 hits, 0 errors, 0 left on base; Plumstead 5 - Minnesota 1 |
TOP OF THE 7TH |
Plumstead Eagles batting - Pitching for Minnesota Death Stars : RHP Abel Walker
|
Batting: LHB José Marín
|
0-0: Ball 1-0: Ground out 4-3 (Groundball, 4S)
|
Batting: LHB António Álvarez
|
0-0: Called Strike 0-1: Foul Ball, location: 2F 0-2: Ball 1-2: Strikes out swinging
|
Batting: LHB Mauro López
|
0-0: Called Strike 0-1: Called Strike 0-2: Ground out 4-3 (Groundball, 4)
|
Top of the 7th over - 0 runs, 0 hits, 0 errors, 0 left on base; Plumstead 5 - Minnesota 1 |
BOTTOM OF THE 7TH |
Minnesota Death Stars batting - Pitching for Plumstead Eagles : LHP Jake Davis
|
Pitching: RHP Broderick Miller
|
|
Batting: RHB Manuel Cintrón
|
0-0: Ball 1-0: Foul Ball, location: 2F 1-1: Foul Ball, location: 2F 1-2: Ball 2-2: Foul Ball, location: 2F 2-2: Strikes out swinging
|
Batting: RHB Sidney Smith
|
0-0: Called Strike 0-1: SINGLE (Line Drive, 6M)
|
Batting: RHB Ernesto Quintero
|
0-0: Called Strike 0-1: Ball 1-1: SINGLE (Groundball, 6MD) Sidney Smith to second Runner from 2nd tries for 3rd, SAFE, throw made to third
|
Batting: RHB Donny Boykins
|
0-0: Ball 1-0: Ball 2-0: Called Strike 2-1: Foul Ball, location: 2F 2-2: Ball 3-2: Foul Ball, location: 2F 3-2: Fly out, F9 (Flyball, 9LMF) Runner from 3rd tags up, SCORES, no throw
|
Pitching: LHP José López
|
|
Batting: LHB Bill Poe
|
0-0: Called Strike 0-1: Called Strike 0-2: Foul Ball, location: 2F 0-2: Strikes out swinging
|
Bottom of the 7th over - 1 run, 2 hits, 0 errors, 1 left on base; Plumstead 5 - Minnesota 2 |
TOP OF THE 8TH |
Plumstead Eagles batting - Pitching for Minnesota Death Stars : RHP Abel Walker
|
Batting: RHB Wayne Workman
|
0-0: Ball 1-0: Foul Ball, location: 2F 1-1: Ball 2-1: Swinging Strike 2-2: Foul Ball, location: 2F 2-2: Foul Ball, location: 2F 2-2: Ground out 4-3 (Groundball, 4)
|
Batting: LHB Conan Bush
|
0-0: Ball 1-0: Fly out, F9 (Flyball, 89S)
|
Batting: RHB José Gonzáles
|
0-0: Ball 1-0: Called Strike 1-1: Called Strike 1-2: Ball 2-2: Foul Ball, location: 2F 2-2: Foul Ball, location: 2F 2-2: Foul Ball, location: 2F 2-2: Foul Ball, location: 2F 2-2: Ball 3-2: Foul Ball, location: 2F 3-2: Base on Balls
|
Batting: SHB José Rincón
|
0-0: Ground out U3 (Groundball, 3)
|
Top of the 8th over - 0 runs, 0 hits, 0 errors, 1 left on base; Plumstead 5 - Minnesota 2 |
BOTTOM OF THE 8TH |
Minnesota Death Stars batting - Pitching for Plumstead Eagles : LHP José López
|
Batting: LHB Doyle Price
|
0-0: Swinging Strike 0-1: Called Strike 0-2: Ball 1-2: Ball 2-2: Fly out, F7 (Line Drive, 7)
|
Pitching: RHP Gilberto Ramírez
|
|
Batting: RHB Danny Scott
|
0-0: Foul Ball, location: 2F 0-1: Ball 1-1: Ball 2-1: Swinging Strike 2-2: Foul Ball, location: 2F 2-2: Strikes out swinging
|
Batting: LHB Larry Wright
|
0-0: Swinging Strike 0-1: Ball 1-1: Foul Ball, location: 2F 1-2: Ball 2-2: Strikes out swinging
|
Bottom of the 8th over - 0 runs, 0 hits, 0 errors, 0 left on base; Plumstead 5 - Minnesota 2 |
TOP OF THE 9TH |
Plumstead Eagles batting - Pitching for Minnesota Death Stars : RHP Abel Walker
|
Batting: RHB Jimmy Myers
|
0-0: Swinging Strike 0-1: Ball 1-1: Foul Ball, location: 2F 1-2: Strikes out looking
|
Batting: LHB Joe Rutherford
|
0-0: Ball 1-0: Called Strike 1-1: Ground out 1-3 (Groundball, 13S)
|
Batting: LHB José Marín
|
0-0: Called Strike 0-1: Ball 1-1: SINGLE (Flyball, 8LS)
|
Batting: LHB António Álvarez
|
0-0: Ball 1-0: Foul Ball, location: 2F 1-1: Called Strike 1-2: Fly out, F5 (Line Drive, 56)
|
Top of the 9th over - 0 runs, 1 hit, 0 errors, 1 left on base; Plumstead 5 - Minnesota 2 |
BOTTOM OF THE 9TH |
Minnesota Death Stars batting - Pitching for Plumstead Eagles : RHP Gilberto Ramírez
|
Pitching: RHP Michael Knight
|
|
Batting: RHB Lou Hammond
|
0-0: Called Strike 0-1: Ball 1-1: Called Strike 1-2: Fly out, F6 (Popup, 56D)
|
Batting: RHB Manuel Cintrón
|
0-0: Ball 1-0: Ground out 6-3 (Groundball, 6)
|
Batting: RHB Sidney Smith
|
0-0: Foul Ball, location: 2F 0-1: Swinging Strike 0-2: Ball 1-2: Ball 2-2: Fly out, F9 (Flyball, 89XD)
|
Bottom of the 9th over - 0 runs, 0 hits, 0 errors, 0 left on base; Plumstead 5 - Minnesota 2 |
|